 Dungeon Sprint DCSS version 0.17-a0-1262-gd250d98 (webtiles) character file.

599 Kidiri the Blocker (level 7, -16/72 HPs)
             Began as a Gargoyle Fighter on June 6, 2015.
             Demolished by a boulder beetle (32 damage)
             ... in the Dungeon (Sprint II: "The Violet Keep of Menkaure").
             The game lasted 00:01:31 (342 turns).

Kidiri the Blocker (Gargoyle Fighter)                Turns: 342, Time: 00:01:31

Health: -16/72     AC: 13    Str: 27    XL:     7   Next: 41%
Magic:  7/7        EV:  9    Int:  8    God:
Gold:   486        SH: 12    Dex:  9    Spells: 0 memorised, 6 levels left

rFire  . . .     SeeInvis .     a - +0 flail
rCold  . . .     Clarity  .     b - +0 scale mail
rNeg   + . .     SustAt   .     c - +0 shield
rPois  ∞         Gourm    .     (no helmet)
rElec  +         Spirit   .     (no cloak)
rCorr  .         Warding  .     (no gloves)
rMut   .         NoTele   +     (no boots)
MR     .....                    (no amulet)
Stlth  ..........               (no ring)
                                (no ring)

@: berserking, very quick, not resistant to hostile enchantments, extremely
unstealthy
A: negative energy resistance 1, electricity resistance, unbreathing,
petrification resistance, rot immunity, AC +4
a: no special abilities


You were in the Dungeon.
You were not hungry.

You visited 1 branch You collected 486 gold pieces.

Inventory:

Hand weapons
 a - a +0 flail (weapon)
Armour
 b - a +0 scale mail (worn)
 c - a +0 shield (worn)
Scrolls
 k - a scroll of blinking
Potions
 d - a potion of might
 f - a potion of curing
 h - a potion of haste
 i - 2 potions of magic
Comestibles
 e - a bread ration


   Skills:
 + Level 7.2 Fighting
 * Level 8.6 Maces & Flails
 * Level 9.7 Armour
 * Level 9.7 Shields


You had 6 spell levels left.
You didn't know any spells.

Dungeon Overview and Level Annotations

Branches:
Dungeon (1/1)

Altars:


Innate Abilities, Weirdness & Mutations

You are resistant to torment.
Your stone body is resilient (AC +4).
You are immune to poison.
You resist negative energy.
You are resistant to electric shocks.
You can survive without breathing.
You are immune to petrification.
You are immune to rotting.


Message History

You hit the boulder beetle but do no damage.
The boulder beetle bites you!!!
Ouch! That really hurt!
* * * LOW HITPOINT WARNING * * *
You sock the boulder beetle!
The boulder beetle is lightly wounded.
You hit the boulder beetle but do no damage.
The boulder beetle is lightly wounded.
You block the boulder beetle's attack.
Drink which item? (? for menu, Esc to quit)
A red film seems to cover your vision as you go berserk!
You feel yourself moving faster!
You feel mighty! The boulder beetle closely misses you.
You hit the boulder beetle.
The boulder beetle is moderately wounded.
The boulder beetle waves its antennae.
You sock the boulder beetle!
The boulder beetle is moderately wounded.
The boulder beetle bites you!!
You die...

## ## ##$ .##
.. .. ### B#.
###
#.###B###.##
#..##@##...#
+##.%.<.'##.+
#.#.##.##...#
##.###+###.##
###


H#H ### .# #. ## ## You could see 2 boulder beetles.

Vanquished Creatures
  4 necrophages (D)
  4 brain worms (D)
8 creatures vanquished.

Vanquished Creatures (others)
  A crocodile (D)
1 creature vanquished.

Grand Total: 9 creatures vanquished

Notes
Turn   | Place    | Note
--------------------------------------------------------------
     0 | D        | Kidiri the Gargoyle Fighter began the quest for the Orb.
     0 | D        | Reached XP level 1. HP: 14/14 MP: 1/1
     1 | D        | Noticed a boulder beetle
     1 | D        | Noticed a boulder beetle
     5 | D        | Noticed a necrophage
     5 | D        | Noticed a necrophage
     5 | D        | Noticed a necrophage
     5 | D        | Noticed a necrophage
    12 | D        | Killed a crocodile
    20 | D        | Killed a necrophage
    20 | D        | Reached skill level 4 in Fighting
    20 | D        | Reached skill level 5 in Armour
    20 | D        | Reached skill level 5 in Shields
    20 | D        | Reached XP level 2. HP: 17/20 MP: 2/2
    20 | D        | Reached XP level 3. HP: 20/24 MP: 3/3
    20 | D        | Reached XP level 4. HP: 25/30 MP: 4/4
    39 | D        | Killed a necrophage
    39 | D        | Reached skill level 5 in Fighting
    39 | D        | Reached skill level 6 in Maces & Flails
    39 | D        | Reached skill level 7 in Armour
    39 | D        | Reached XP level 5. HP: 24/35 MP: 5/5
    56 | D        | Killed a necrophage
    56 | D        | Reached XP level 6. HP: 19/41 MP: 6/6
    64 | D        | Killed a necrophage
    64 | D        | Reached skill level 8 in Armour
   264 | D        | Noticed a brain worm
   264 | D        | Noticed a brain worm
   264 | D        | Noticed a brain worm
   264 | D        | Noticed a brain worm
   267 | D        | Killed a brain worm
   267 | D        | Reached skill level 9 in Armour
   271 | D        | Killed a brain worm
   271 | D        | Reached XP level 7. HP: 47/47 MP: 7/7
   281 | D        | Killed a brain worm
   287 | D        | Killed a brain worm
   330 | D        | Noticed a hippogriff
   330 | D        | Noticed a hippogriff
   342 | D        | Demolished by a boulder beetle

Vault maps used:
D:        the_violet_keep_of_menkaure

Action                   |  1- 3 |  4- 6 |  7- 9 || total
-------------------------+-------+-------+-------++-------
Melee: Flail             |    12 |    51 |    22 ||    85
  Use: Potion            |     1 |       |     1 ||     2
